 Dungeon Crawl Stone Soup version 0.21.0-3-g78d12a8 (webtiles) character file.

602 MTVSty1e the Carver (level 7, -4/52 HPs)
             Began as a Human Fighter on Jan 9, 2018.
             Was an Initiate of Okawaru.
             Killed from afar by Dowan (16 damage)
             ... with a shard of ice
             ... on level 4 of the Dungeon.
             The game lasted 00:09:06 (4472 turns).

MTVSty1e the Carver (Human Fighter)                 Turns: 4472, Time: 00:09:07

Health: -4/52      AC:  6    Str: 16 (19) XL:     7   Next: 69%
Magic:  7/7        EV:  6    Int:  7 (8)  God:    Okawaru [......]
Gold:   275        SH: 11    Dex: 10 (12) Spells: 6/6 levels left

rFire    . . .     SeeInvis .   a - +1 long sword
rCold    . . .     Gourm    .   c - +0 shield
rNeg     . . .     Faith    .   b - +0 scale mail
rPois    +         Spirit   .   (no helmet)
rElec    .         Reflect  +   (no cloak)
rCorr    +         Harm     .   (no gloves)
MR       .....                  (no boots)
Stlth    ..........             h - +3 amulet of reflection
HPRegen  0.17/turn              p - ring of resist corrosion
MPRegen  0.10/turn              k - ring of poison resistance

@: no status effects
A: no striking features
a: Renounce Religion


You were on level 4 of the Dungeon.
You worshipped Okawaru.
Okawaru was noncommittal.
You were not hungry.

You visited 1 branch of the dungeon, and saw 5 of its levels.

You collected 275 gold pieces.

Inventory:

Hand Weapons
 a - a +1 long sword (weapon)
Armour
 b - a +0 scale mail (worn)
 c - a +0 shield (worn)
Jewellery
 g - a +1 ring of protection {unknown}
 h - a +3 amulet of reflection (around neck)
 k - a ring of poison resistance (right hand)
 p - a ring of resist corrosion (left hand)
Wands
 d - a wand of flame (31)
 f - a wand of iceblast (5)
Scrolls
 e - 2 scrolls of teleportation
 i - 4 scrolls of identify
 j - 3 scrolls of remove curse
 l - a scroll of enchant weapon
Potions
 o - a potion of magic
Comestibles
 r - 3 rations


   Skills:
 - Level 3.0 Fighting
 * Level 8.0 Long Blades
 - Level 3.0 Armour
 - Level 3.0 Shields


You had 6 spell levels left.
You didn't know any spells.

Dungeon Overview and Level Annotations

Branches:
Dungeon (5/15)
 Temple: D:4-7

Altars:
Nemelex Xobeh
Okawaru

Annotations:
D:4 Dowan; MTVSty1e's ghost, amateur HuFi


Message History

Dowan says, "My weaknesses are her strengths!"
You block Dowan's attack. Duvessa barely misses you.
You riposte.
You hit Duvessa.
Duvessa is almost dead.
Dowan gestures at you while chanting. The puff of frost hits you!
* * * LOW HITPOINT WARNING * * *
You hit Duvessa.
You kill Duvessa!
Okawaru is honoured by your kill.
Dowan screams, "No!
Oh no!"
Dowan seems to find hidden reserves of power!
Your Long Blades skill increases to level 8!
Dowan hits you with a dagger.
* * * LOW HITPOINT WARNING * * *
You miss Dowan.
Dowan is moderately wounded.
Dowan gestures at you while chanting. The shard of ice hits you!
You die...

....#..'....#.........#
#.......
....#+##....#........##
#.......
...........##.########
#.......
...........#...#
#.......
...........'...#
#......W
...........####### ##
######..
#######.......##.##..##
#....#..
#.....#.......#.>.....#
#....#..
......#.......#)@e....#
#....#..
......#.......#......(#
#....#..
......#.......+.......#
#....#..
#######.......#####..##
#....#..
..........##### ..#
#....#.. ..........#
..# #....'..
..........# ..#
#....#.. ..........# .#
#....##' ..........#
#.....#.


You could see Dowan.

Vanquished Creatures
  Sigmund (D:3)
  Duvessa (D:4)
  2 orc wizards (D:3)
  Jessica (D:3)
  Natasha (twice) (D:2)
  Ijyb (D:3)
  Terence (D:3)
  8 adders
  A gnoll (D:1)
  A shadow imp (D:3)
  An ooze (D:1)
  A worm (D:2)
  A dart slug (D:4)
  3 leopard geckos
  8 orcs
  3 giant cockroaches
  9 hobgoblins
  9 kobolds
  7 bats
  2 frilled lizards (D:2)
  6 goblins
  A jackal skeleton (D:2)
  3 rats
73 creatures vanquished.

Notes
Turn   | Place    | Note
-------+----------+-------------------------------------------
     0 | D:1      | MTVSty1e the Human Fighter began the quest for the Orb.
     0 | D:1      | Reached XP level 1. HP: 18/18 MP: 1/1
   181 | D:1      | Reached XP level 2. HP: 24/24 MP: 2/2
   229 | D:1      | HP: 1/24 [gnoll/spear (3)]
   232 | D:1      | Reached skill level 3 in Long Blades
   565 | D:1      | Reached XP level 3. HP: 29/29 MP: 3/3
  1155 | D:2      | Reached skill level 4 in Long Blades
  1155 | D:2      | Reached XP level 4. HP: 29/35 MP: 4/4
  1680 | D:2      | Noticed Natasha
  1704 | D:2      | Killed Natasha
  1704 | D:2      | Reached XP level 5. HP: 25/41 MP: 5/5
  1759 | D:2      | Noticed Natasha
  1772 | D:2      | Killed Natasha
  1772 | D:2      | Reached skill level 5 in Long Blades
  2079 | D:3      | Noticed Ijyb
  2091 | D:3      | Killed Ijyb
  2109 | D:3      | Noticed Sigmund
  3175 | D:3      | Reached XP level 6. HP: 45/47 MP: 6/6
  3203 | D:3      | Reached skill level 6 in Long Blades
  3476 | D:3      | Noticed Jessica
  3516 | D:3      | Killed Jessica
  3603 | D:3      | Noticed Terence
  3618 | D:3      | Killed Terence
  3734 | D:3      | Killed Sigmund
  3734 | D:3      | Reached skill level 7 in Long Blades
  3734 | D:3      | Reached XP level 7. HP: 42/52 MP: 7/7
  4033 | D:4      | Noticed MTVSty1e's ghost (amateur HuFi)
  4182 | D:4      | Found an iron altar of Okawaru.
  4190 | D:4      | Became a worshipper of Warmaster Okawaru
  4451 | D:5      | Entered Level 5 of the Dungeon
  4451 | D:5      | Found a sparkling altar of Nemelex Xobeh.
  4451 | D:5      | Noticed Duvessa
  4451 | D:5      | Noticed Dowan
  4471 | D:4      | Killed Duvessa
  4471 | D:4      | Reached skill level 8 in Long Blades
  4472 | D:4      | Killed from afar by Dowan

Skill      XL: |  1  2  3  4  5  6  7 |
---------------+----------------------+-----
Long Blades    | 3 4 5 7 8 |  8.0
Fighting       | |  3.0
Armour         | |  3.0
Shields        | |  3.0

Action                   |  1- 3 |  4- 6 |  7- 9 || total
-------------------------+-------+-------+-------++-------
Melee: Long sword        |    86 |   241 |    34 ||   361
  Use: Potion            |     1 |     5 |     1 ||     7
       Scroll            |       |     8 |     2 ||    10
  Eat: Ration            |     1 |     2 |     1 ||     4
Armor: Scale mail        |    48 |    76 |    11 ||   135
Dodge: Dodged            |    27 |    66 |    11 ||   104
Block: Shield            |    60 |   150 |    21 ||   231
       Reflection        |       |     3 |     1 ||     4
       Rpst.: Long sword |     4 |    25 |     6 ||    35
